 Dungeon Crawl Stone Soup version 0.28.0-45-g0d030f2227 (webtiles) character file.

Game seed: 126647372252010776

3570 protoss039 the Thaumaturge (level 9, 0/50 HPs)
             Began as a Deep Elf Air Elementalist on Apr 1, 2022.
             Was an Initiate of Sif Muna.
             Killed by their own static electricity (4 damage)
             ... on level 9 of the Dungeon.
             The game lasted 00:18:09 (11445 turns).

protoss039 the Thaumaturge (DEAE)                  Turns: 11445, Time: 00:18:10

Health: 0/50       AC: 11    Str:  5    XL:     9   Next: 84%
Magic:  7/26       EV: 13    Int: 25    God:    Sif Muna [......]
Gold:   382        SH:  0    Dex: 15    Spells: 13/30 levels left

rFire   + . .      SeeInvis +   f - +4 dagger
rCold   . . .      Faith    .   (no shield)
rNeg    . . .      Spirit   .   a - +0 robe
rPois   .          Reflect  .   m - +1 helmet "Lalysia" {rF+}
rElec   .          Harm     .   o - +1 cloak {Stlth+}
rCorr   .          Rampage  .   (no gloves)
Will    .....                   z - +0 pair of boots
Stlth   +++.......              (no amulet)
HPRegen 0.16/turn               B - +4 ring of protection
MPRegen 0.20/turn               w - ring of see invisible

@: no status effects
A: no striking features
a: Renounce Religion


You were on level 9 of the Dungeon.
You worshipped Sif Muna.
Sif Muna was noncommittal.
You visited 2 branches of the dungeon, and saw 10 of its levels.

You collected 382 gold pieces.

Inventory:

Hand Weapons
 f - a +4 dagger (weapon)
 n - a +4 quarterstaff of chaos
Armour
 a - a +0 robe (worn)
 m - the +1 helmet "Lalysia" (worn) {rF+}
   (You found it on level 2 of the Dungeon)

   rF:        It protects you from fire.
 o - a +1 cloak of stealth (worn)
 z - a +0 pair of boots (worn)
Jewellery
 d - a ring of wizardry
 r - a ring of poison resistance
 w - a ring of see invisible (right hand)
 B - a +4 ring of protection (left hand)
Wands
 h - a wand of iceblast (12)
 v - a wand of charming (5)
 D - a wand of mindburst (11)
 G - a wand of polymorph (9)
Scrolls
 c - 2 scrolls of teleportation {unknown}
 e - a scroll of magic mapping {unknown}
 k - 5 scrolls of noise {unknown}
 q - 3 scrolls of vulnerability {unknown}
 s - a scroll of blinking {unknown}
 t - 3 scrolls of enchant armour {unknown}
 x - a scroll of amnesia {unknown}
 y - a scroll of identify
 F - a scroll of silence {unknown}
 H - a scroll of summoning {unknown}
Potions
 g - a potion of magic {unknown}
 i - 3 potions of heal wounds
 j - 2 potions of mutation
 l - 2 potions of curing
 p - a potion of cancellation {unknown}
 u - 3 potions of haste
 A - 2 potions of brilliance
 E - a potion of lignification {unknown}


   Skills:
 * Level 3.1 Fighting
 - Level 3.0 Dodging
 - Level 3.0 Stealth
 + Level 11.2 Spellcasting
 + Level 6.3 Conjurations
 + Level 8.4 Air Magic
 * Level 3.1 Poison Magic
 * Level 2.4 Invocations


You had 13 spell levels left.
You knew the following spells:

 Your Spells              Type           Power      Damage    Failure   Level
a - Shock                 Conj/Air       100%       1d9       1%          1
b - Static Discharge      Conj/Air       50%        N/A       1%          2
c - Swiftness             Air            54%        N/A       1%          3
d - Airstrike             Air            27%        N/A       1%          4
e - Olgreb's Toxic Radia  Pois           29%        N/A       12%         4
f - Mephitic Cloud        Conj/Pois/Air  43%        N/A       1%          3

Your spell library contained the following spells:

 Spells                   Type           Power      Damage    Failure   Level
 Magic Dart               Conj           100%       1d8       1%          1
 Call Imp                 Summ           14%        N/A       7%          2
 Portal Projectile        Hex/Tloc       28%        N/A       13%         3
 Summon Guardian Golem    Hex/Summ       14%        N/A       13%         3
 Ozocubu's Refrigeration  Ice            7%         4d6       100%        7
 Ignition                 Fire           7%         3d4       100%        8
 Chain Lightning          Conj/Air       25%        3d33      100%        9


Dungeon Overview and Level Annotations

Branches:
Dungeon (9/15)             Temple (1/1) D:5
   Lair: D:8-11         Orc: D:9-12

Altars:
Cheibriados
Dithmenos
Elyvilon
Fedhas
Gozag
Hepliaklqana
Kikubaaqudgha
Makhleb
Okawaru
Qazlal
Ru
Sif Muna
Trog
Uskayaw
Vehumet
Wu Jian
Xom
Yredelemnul
Zin
The Shining One

Shops:
D:2 [   D:4 ?


Message History

Casting: Static Discharge (safe; 1% risk of failure)
Confirm with . or Enter, or press ? or * to list all spells.
The killer bee is struck by an arc of lightning!
You kill the killer bee!
Sif Muna accepts your kill.
You are struck by an arc of lightning.
The two-headed ogre is struck by an arc of lightning.
The two-headed ogre is heavily wounded.
You are struck by an arc of lightning.
The lightning grounds out.
Unknown command.
Unknown command.
Casting: Static Discharge (safe; 1% risk of failure)
Confirm with . or Enter, or press ? or * to list all spells.
The two-headed ogre is struck by an arc of lightning!
The two-headed ogre is severely wounded.
You are struck by an arc of lightning.
* * * LOW HITPOINT WARNING * * *
The lightning grounds out.
Unknown command.
Casting: Static Discharge (safe; 1% risk of failure)
Confirm with . or Enter, or press ? or * to list all spells.
The two-headed ogre is struck by an arc of lightning!
The two-headed ogre is almost dead.
You are struck by an arc of lightning.
* * * LOW HITPOINT WARNING * * *
The lightning grounds out.
The two-headed ogre seems less confused.
The two-headed ogre barely misses you.
The two-headed ogre hits you with a +0 giant club.
* * * LOW HITPOINT WARNING * * *
Unknown command.
Unknown command.
Unknown command.
Casting: Static Discharge (safe; 1% risk of failure)
Confirm with . or Enter, or press ? or * to list all spells.
The two-headed ogre is struck by an arc of lightning!
You kill the two-headed ogre!
Sif Muna accepts your kill.
You are struck by an arc of lightning.
You die...

≈≈........##..
≈≈.........#.#
≈≈≈..........#
≈≈≈..........
≈≈≈.........
≈≈≈.......#
#....†..#
#..@#
......).#
##..###.# #.
..° ..# #...
#... ##.#


There were no monsters in sight!

Vanquished Creatures
  A two-headed ogre (D:9)
  Pikel (D:7)
  A hornet (D:8)
  Edmund (D:4)
  Menkaure (D:4)
  A water moccasin (D:6)
  A hornet zombie (D:7)
  2 orc warriors
  An ice beast (D:8)
  2 sky beasts
  A black bear (D:8)
  An ogre (D:6)
  A necrophage (D:7)
  3 lemures (D:7)
  A bullfrog (D:5)
  6 scorpions
  A wyvern skeleton (D:6)
  8 killer bees
  A centaur zombie (D:8)
  2 hounds
  A jelly (D:5)
  5 orc priests
  Crazy Yiuf (D:2)
  7 iguanas
  2 orc wizards
  Ijyb (D:4)
  Terence (D:2)
  3 killer bee zombies
  14 gnolls
  A howler monkey skeleton (D:6)
  6 adders
  A white imp (D:6)
  An ufetubus (D:6)
  2 adder skeletons (D:4)
  A worm (D:2)
  5 dart slugs
  19 orcs
  7 bats
  11 endoplasms
  5 goblins (D:1)
  10 hobgoblins
  6 kobolds
  8 quokkas
  5 ball pythons
  5 frilled lizards
  6 rats
171 creatures vanquished.

Vanquished Creatures (others)
  A scorpion (D:5)
1 creature vanquished.

Grand Total: 172 creatures vanquished

Notes
Turn   | Place    | Note
-------+----------+-------------------------------------------
     0 | D:1      | protoss039 the Deep Elf Air Elementalist began the quest
                  | for the Orb.
     0 | D:1      | Reached XP level 1. HP: 10/10 MP: 6/6
   589 | D:1      | Reached XP level 2. HP: 15/15 MP: 6/8
  1609 | D:1      | Reached XP level 3. HP: 19/19 MP: 9/9
  1780 | D:1      | Learned a level 2 spell: Static Discharge
  1784 | D:1      | Learned a level 3 spell: Swiftness
  1827 | D:2      | Noticed Terence
  1852 | D:2      | Killed Terence
  2202 | D:2      | Got the Catalogue of Feathery Beguiling
  2341 | D:2      | Found a faded altar of an unknown god.
  2343 | D:2      | Reached XP level 4. HP: 24/24 MP: 11/11
  2348 | D:2      | Learned a level 4 spell: Airstrike
  2497 | D:2      | Reached skill level 4 in Spellcasting
  2990 | D:2      | Found Lonohas's Antique Armour Boutique.
  3167 | D:2      | Found a runed translucent door.
  3168 | D:2      | Noticed Crazy Yiuf
  3409 | D:2      | Identified the +1 helmet "Lalysia" {rF+}
  3703 | D:2      | Killed Crazy Yiuf
  3958 | D:3      | Reached XP level 5. HP: 28/28 MP: 8/13
  4129 | D:3      | Reached skill level 5 in Spellcasting
  5056 | D:3      | Learned a level 4 spell: Olgreb's Toxic Radiance
  5060 | D:4      | Found Uweliff's Magic Scroll Boutique.
  5066 | D:4      | Found a glowing golden altar of the Shining One.
  5077 | D:4      | Reached XP level 6. HP: 21/32 MP: 6/16
  5383 | D:4      | Noticed Menkaure
  5385 | D:4      | Killed Menkaure
  5386 | D:4      | Reached skill level 1 in Fighting
  5386 | D:4      | Reached skill level 1 in Poison Magic
  5605 | D:4      | Reached skill level 6 in Spellcasting
  5615 | D:4      | Reached skill level 5 in Air Magic
  5686 | D:4      | Noticed a sky beast
  5690 | D:4      | Noticed Edmund
  5691 | D:4      | Killed a sky beast
  5692 | D:4      | Reached XP level 7. HP: 38/38 MP: 5/18
  5789 | D:4      | Killed Edmund
  6368 | D:4      | Noticed Ijyb
  6373 | D:4      | Killed Ijyb
  6796 | D:5      | Entered Level 5 of the Dungeon
  7072 | D:5      | Reached skill level 7 in Spellcasting
  7187 | D:5      | Reached XP level 8. HP: 43/44 MP: 11/20
  7432 | D:5      | Found a staircase to the Ecumenical Temple.
  7441 | Temple   | Entered the Ecumenical Temple
  7724 | D:5      | Found a stormy altar of Qazlal.
  8531 | D:6      | Reached skill level 8 in Spellcasting
  8679 | D:5      | Reached skill level 5 in Conjurations
  8815 | D:6      | Found a sacrificial altar of Ru.
  9263 | D:7      | Reached skill level 9 in Spellcasting
  9270 | D:7      | Reached XP level 9. HP: 50/50 MP: 3/24
  9517 | D:7      | Learned a level 3 spell: Mephitic Cloud
  9676 | D:7      | Found an opulent altar of Gozag.
  9692 | D:7      | Noticed Pikel
  9702 | D:7      | Killed Pikel
  9703 | D:7      | Reached skill level 10 in Spellcasting
 10272 | D:7      | Found a shimmering blue altar of Sif Muna.
 10280 | D:7      | Became a worshipper of Sif Muna the Loreminder
 10475 | D:8      | Reached skill level 1 in Invocations
 11089 | D:8      | Reached skill level 11 in Spellcasting
 11359 | D:8      | Found a shimmering altar of Xom.
 11437 | D:9      | Noticed a two-headed ogre
 11445 | D:9      | Killed a two-headed ogre
 11445 | D:9      | Killed from afar by themself

Illustrated notes

Levels and vault maps discovered:
D:1:      dpeg_arrival_concentric_ovals, layout_basic
D:2:      layout_loops_corners, serial_shops, nicolae_square_shop,
          ebering_ecumenical_altar_hall, kennysheep_path_1,
          kennysheep_minor_cross, minmay_tiny_reverse_x, uniq_terence,
          uniq_crazy_yiuf_cottage
D:3:      layout_basic
D:4:      layout_loops_ring, lemuel_crystal_altar, serial_shops, shop,
          uniq_menkaure, uniq_ijyb, uniq_edmund
D:5:      layout_loops_ring, nicolae_qazlal_scattered_showers,
          lemuel_temple_firewalk_a
D:6:      layout_rooms, nicolae_ru_awakened_eye
D:7:      layout_cave_pools, lemuel_coloured_pillars_altar, grunt_gozag_statues,
          uniq_pikel
D:8:      layout_loops_ring, overflow_temple_1_default
D:9:      layout_cave_pools, evilmike_ruin_ashenzari, david_orc_1_choice,
          minivault_22, centaur_isle
Temple:   minmay_temple_curvy_branch

Skill      XL: |  1  2  3  4  5  6  7  8  9 |
---------------+----------------------------+-----
Stealth        | 3 |  3.0
Dodging        | 3 |  3.0
Spellcasting   | 4 5 6 7 9 11 | 11.2
Conjurations   | 2 3 4 5 6 |  6.3
Air Magic      | 4 5 7 8 |  8.4
Fighting       | 1 2 3 |  3.1
Poison Magic   | 1 2 3 |  3.1
Invocations    | 2 |  2.4

Action                   |  1- 3 |  4- 6 |  7- 9 || total
-------------------------+-------+-------+-------++-------
Melee: Unarmed           |     4 |       |       ||     4
       Dagger            |    33 |    11 |    21 ||    65
       Punch             |     1 |       |       ||     1
 Cast: Shock             |    45 |    83 |   162 ||   290
       Static Discharge  |     2 |    19 |    47 ||    68
       Swiftness         |     1 |     1 |     4 ||     6
       Airstrike         |       |     7 |    30 ||    37
       Mephitic Cloud    |       |       |     4 ||     4
       Olgreb's Toxic Ra |       |       |     1 ||     1
  Use: Scroll            |       |       |     7 ||     7
 Stab: Sleeping          |     9 |     5 |     1 ||    15
Armor: Robe              |     9 |     3 |    18 ||    30
Dodge: Dodged            |    34 |    11 |    51 ||    96
